 Dungeon Crawl Stone Soup version 0.29-a0-40-g8eb35efe60 (webtiles) character file.

Game seed: 13749814086770740010

5009 fragbeetle the Grappler (level 10, -4/90 HPs)
             Began as a Ghoul Gladiator on Feb 2, 2022.
             Was a Follower of Yredelemnul.
             Slain by an orc knight (18 damage)
             ... in a bailey.
             The game lasted 00:20:22 (7993 turns).

fragbeetle the Grappler (Ghoul Gladiator)           Turns: 7993, Time: 00:20:22

Health: -4/90      AC:  9    Str: 26    XL:     10   Next: 54%
Magic:  13/13      EV: 11    Int:  5    God:    Yredelemnul [*.....]
Gold:   909        SH:  0    Dex: 10    Spells: 6/9 levels left

rFire   . . .      SeeInvis .   P - +8 long sword "Hyibeihesch" {venom, Str+5}
rCold   + . .      Faith    .   (no shield)
rNeg    + + +      Spirit   .   p - +2 ring mail {Will+}
rPois   ∞          Reflect  .   b - +0 helmet
rElec   .          Harm     .   (no cloak)
rCorr   .          Rampage  .   (no gloves)
Will    +....                   t - +0 pair of boots
Stlth   ..........              j - amulet of regeneration
HPRegen 0.00/turn               e - ring of flight
MPRegen 0.13/turn               (no ring)

@: flying, inhibited regen
A: claws 1, cold resistance 1, negative energy resistance 3, inhibited
regeneration, torment resistance 2
a: Renounce Religion, Recall Undead Harvest


You were in a bailey.
You worshipped Yredelemnul.
Yredelemnul was noncommittal.
You visited 2 branches of the dungeon, and saw 10 of its levels.
You also visited: Ossuary and Bailey.

You collected 909 gold pieces.

Inventory:

Hand Weapons
 P - the +8 long sword "Hyibeihesch" (weapon) {venom, Str+5}
   (You found it on level 9 of the Dungeon)

   It poisons the flesh of those it strikes.
   Str:       It affects your strength (+5).
Missiles
 c - 5 throwing nets (quivered)
 l - a boomerang
 q - an atropa-tipped dart
 L - 3 javelins
Armour
 b - a +0 helmet (worn)
 p - a +2 ring mail of willpower (worn)
 t - a +0 pair of boots (worn)
Jewellery
 e - a ring of flight (left claw)
 j - an amulet of regeneration (around neck)
 K - a ring of protection from cold
Wands
 m - a wand of polymorph (9)
 y - a wand of flame (20)
 B - a wand of digging (3)
 O - a wand of acid (5)
Scrolls
 a - 3 scrolls of blinking {unknown}
 f - 3 scrolls of teleportation
 g - 3 scrolls of fear {unknown}
 h - 3 scrolls of silence {unknown}
 i - 2 scrolls of enchant armour {unknown}
 k - 2 scrolls of noise {unknown}
 o - 8 scrolls of identify {unknown}
 s - 4 scrolls of enchant weapon {unknown}
 w - 5 scrolls of immolation {unknown}
 A - a scroll of vulnerability {unknown}
 C - a scroll of fog {unknown}
 D - 2 scrolls of magic mapping {unknown}
 F - a scroll of summoning {unknown}
 J - a scroll of amnesia {unknown}
Potions
 d - 4 potions of flight {unknown}
 n - 2 potions of heal wounds {unknown}
 r - 3 potions of curing {unknown}
 u - 2 potions of mutation {unknown}
 v - a potion of berserk rage {unknown}
 x - 4 potions of brilliance {unknown}
 z - 2 potions of ambrosia {unknown}
 E - 2 potions of might {unknown}
 G - 2 potions of resistance {unknown}
 I - 2 potions of cancellation {unknown}
 M - a potion of degeneration {unknown}
 N - a potion of attraction {unknown}


   Skills:
 + Level 8.6 Fighting
 * Level 2.2 Long Blades
 - Level 2.0 Throwing
 - Level 3.0 Dodging
 - Level 11.8 Unarmed Combat
 - Level 5.0 Ice Magic
 * Level 6.3 Invocations


You had 6 spell levels left.
You knew the following spells:

 Your Spells              Type           Power      Damage    Failure   Level
a - Ozocubu's Armour      Ice            5%         N/A       30%         3

Your spell library contained the following spells:

 Spells                   Type           Power      Damage    Failure   Level
 Ensorcelled Hibernation  Hex/Ice        4%         N/A       41%         2
 Animate Skeleton         Necr           0%         N/A       63%         1
 Pain                     Necr           0%         1d4       63%         1
 Sting                    Tmut/Pois      0%         1d3       63%         1
 Corpse Rot               Necr/Air       0%         N/A       77%         2
 Passwall                 Tmut/Erth      0%         N/A       77%         2
 Poisonous Vapours        Pois/Air       0%         N/A       77%         2
 Static Discharge         Conj/Air       0%         N/A       77%         2
 Swiftness                Air            0%         N/A       94%         3
 Vampiric Draining        Necr           0%         2d6       94%         3
 Olgreb's Toxic Radiance  Pois           0%         N/A       100%        4
 Lightning Bolt           Conj/Air       0%         1d11      100%        5
 Metabolic Englaciation   Hex/Ice        1%         N/A       100%        5
 Simulacrum               Ice/Necr       1%         N/A       100%        6
 Ozocubu's Refrigeration  Ice            2%         4d5       100%        7
 Maxwell's Capacitive Co  Air            0%         ∞         100%        8


Dungeon Overview and Level Annotations

Branches:
Dungeon (9/15)             Temple (1/1) D:7         Ossuary (visited)
 Bailey (1/1)
   Lair: D:8-11         Orc: D:9-12

Altars:
Ashenzari
Cheibriados
Dithmenos
Elyvilon
Fedhas
Gozag
Hepliaklqana
Kikubaaqudgha
Makhleb
Nemelex Xobeh
Okawaru
Qazlal
Ru
Sif Muna
Trog
Uskayaw
Wu Jian
Xom
Yredelemnul
Zin
The Shining One

Shops:
D:1 =   D:2 (


Innate Abilities, Weirdness & Mutations

You thrive by killing the living.
You are immune to poison.
You have sharp fingernails.
Your flesh is cold resistant. (rC+)
You are immune to negative energy. (rN+++)
You do not regenerate when monsters are visible.
You are immune to unholy pain and torment.


Message History

The poisoned dart closely misses the orc knight.
Unknown command.
Throw: dart (poison)
Press: ? - help, Shift-Dir - straight line, f/p - orc knight
Aim: an orc knight, wielding a +0 glaive, wearing a +1 crystal plate armour and wearing a ring of protection from fire (very poisoned, ally target, 62% to hit)
You throw a poisoned dart. The poisoned dart hits the orc knight.
Unknown command.
Throw: 3 darts (atropa)
Press: ? - help, Shift-Dir - straight line, f/p - orc knight
Aim: an orc knight, wielding a +0 glaive, wearing a +1 crystal plate armour and wearing a ring of protection from fire (very poisoned, ally target, 62% to hit, chance to blind on hit: 3%)
You throw an atropa-tipped dart.
The atropa-tipped dart hits the orc knight.
The orc knight resists.
Throw: 2 darts (atropa)
Press: ? - help, Shift-Dir - straight line, f/p - orc knight
Aim: an orc knight, wielding a +0 glaive, wearing a +1 crystal plate armour and wearing a ring of protection from fire (very poisoned, ally target, 62% to hit, chance to blind on hit: 3%)
You throw an atropa-tipped dart.
The atropa-tipped dart hits the orc knight.
The orc knight appears confused.
The orc knight seems less confused.
Things that are here:
a +0 glaive; a +0 scale mail The orc knight suddenly curses.
Things that are here:
a +0 glaive; a +0 scale mail
Found a +0 scale mail.
The orc knight is no longer blind.
The orc knight hits you from afar with a +0 glaive!
The orc knight hits you with a +0 glaive!
You hit the orc knight.
The orc knight looks even sicker.
The orc knight is lightly wounded.
The orc knight hits you with a +0 glaive!!
The orc knight closely misses you.
You hit the orc knight.
The orc knight looks as sick as possible!
The orc knight is lightly wounded.
The orc knight hits you with a +0 glaive!!
* * * LOW HITPOINT WARNING * * *
The orc knight hits you from afar with a +0 glaive!!
You die...
Yredelemnul claims you as an undead slave.

#..........≈).)## ##..≈≈......
#.≈≈≈≈≈≈≈)≈≈..## .[##Z.≈≈≈Z≈≈≈
#.≈..))......## .. ##........
#.))#############'############
#.≈)##.....##......... $$.#
#.≈).##...##..≈≈≈(§≈≈. #.$.##
#.≈≈..##.#'..≈≈.....≈§ ##.##.
##.Z≈..#+#..≈≈...⌠...≈ #+#..
#∩.≈≈..# #...@..⌠∩⌠... #..
#.≈Z..## ##.)§≈o....≈§ ##.
#.≈..## ##.Z≈≈§≈≈≈≈. ## #.≈.##
##)ZZ...... #
#.≈.#########'###+####
#.≈.......)..##
#.≈≈≈≈)≈))≈≈..#
#..........≈≈..##
##########..≈≈..#


You could see an orc knight (extremely poisoned, ally target), 2 friendly orc
zombies and a friendly orc warrior zombie.

Vanquished Creatures
  Erica (D:8)
  A kobold demonologist (D:8)
  2 wyverns (D:9)
  2 steam dragons
  Menkaure (D:7)
  A water moccasin (D:8)
  5 orc warriors
  An ice beast (D:6)
  3 black bears
  4 sky beasts
  4 centaurs
  3 phantoms
  A gnoll sergeant (D:8)
  2 bullfrogs
  7 wights
  2 bullfrog zombies
  A centaur zombie (D:7)
  4 orc priests
  2 hounds
  A bullfrog skeleton (D:7)
  2 centaur skeletons
  6 iguanas
  Ijyb (D:3)
  5 orc wizards
  2 hound skeletons
  9 mummies
  A howler monkey zombie (D:7)
  12 adders
  4 gnolls
  A shadow imp (D:6)
  4 white imps
  2 ufetubi
  3 worms (D:2)
  4 dart slugs
  40 orcs
  11 endoplasms
  6 giant cockroaches
  9 goblins
  9 hobgoblins
  7 quokkas
  6 ball pythons
  A bat (D:1)
  A frilled lizard (D:3)
  2 gnoll zombies (Ossuary)
  A hobgoblin zombie (D:6)
  7 kobolds
  4 kobold zombies
  5 orc zombies
  A quokka zombie (D:5)
  4 rats
  A rat zombie (D:5)
219 creatures vanquished.

Vanquished Creatures (others)
  12 orc zombies
  2 fungi (D:4)
14 creatures vanquished.

Grand Total: 233 creatures vanquished

Notes
Turn   | Place    | Note
-------+----------+-------------------------------------------
     0 | D:1      | fragbeetle the Ghoul Gladiator began the quest for the Orb.
     0 | D:1      | Reached XP level 1. HP: 17/17 MP: 0/0
   105 | D:1      | Reached XP level 2. HP: 25/25 MP: 1/1
   426 | D:1      | Reached XP level 3. HP: 30/30 MP: 2/2
   495 | D:1      | Reached skill level 4 in Unarmed Combat
   628 | D:1      | Found Evez's One-of-a-Kind Rings.
  1384 | D:2      | Reached XP level 4. HP: 38/38 MP: 3/3
  1614 | D:2      | Found Sadwie's Weapon Emporium.
  1723 | D:2      | Found a faded altar of an unknown god.
  2029 | D:3      | Reached skill level 5 in Unarmed Combat
  2075 | D:3      | Noticed Ijyb
  2095 | D:3      | Killed Ijyb
  2096 | D:3      | Reached XP level 5. HP: 30/45 MP: 4/4
  2233 | D:3      | You are sucked into a shaft and drop 1 floor!
  2306 | D:4      | Learned a level 3 spell: Ozocubu's Armour
  2320 | D:4      | Found an ancient bone altar of Kikubaaqudgha.
  2429 | D:4      | Noticed a black bear
  2450 | D:4      | Killed a black bear
  2451 | D:4      | Reached XP level 6. HP: 35/52 MP: 5/5
  2530 | D:4      | Found a burning altar of Makhleb.
  2587 | D:4      | Reached skill level 6 in Unarmed Combat
  2969 | D:4      | Reached XP level 7. HP: 55/60 MP: 6/6
  3161 | D:5      | Entered Level 5 of the Dungeon
  3186 | D:5      | Found a shimmering altar of Xom.
  3557 | D:5      | Reached skill level 7 in Unarmed Combat
  3631 | D:5      | Found a sand-covered staircase.
  3647 | Ossuary  | Entered an ossuary
  3702 | Ossuary  | Reached skill level 5 in Fighting
  3723 | Ossuary  | Reached XP level 8. HP: 59/68 MP: 7/7
  4013 | D:5      | Found a bloodstained altar of Trog.
  4453 | D:6      | Reached skill level 5 in Ice Magic
  4495 | D:6      | Found an opulent altar of Gozag.
  4514 | D:6      | Reached skill level 8 in Unarmed Combat
  4737 | D:6      | Reached skill level 9 in Unarmed Combat
  5014 | D:6      | Reached XP level 9. HP: 77/78 MP: 8/8
  5275 | D:6      | Reached skill level 10 in Unarmed Combat
  5422 | D:7      | Found a hide-covered altar of Uskayaw.
  5514 | D:7      | Found a staircase to the Ecumenical Temple.
  5532 | Temple   | Entered the Ecumenical Temple
  5629 | Temple   | Became a worshipper of Yredelemnul the Dark
  5734 | D:7      | Noticed Menkaure
  5752 | D:7      | Killed Menkaure
  5753 | D:7      | Reached skill level 1 in Invocations
  6094 | D:7      | Found a sacrificial altar of Ru.
  6104 | D:7      | Found a hazy altar of Hepliaklqana.
  6332 | D:7      | Reached * piety under Yredelemnul
  6483 | D:8      | Reached skill level 11 in Unarmed Combat
  6667 | D:8      | Reached ** piety under Yredelemnul
  6808 | D:8      | Noticed a kobold demonologist
  6814 | D:8      | Noticed Erica
  6822 | D:8      | Killed a kobold demonologist
  6823 | D:8      | Reached XP level 10. HP: 87/88 MP: 10/12
  6841 | D:8      | Killed Erica
  6842 | D:8      | Reached skill level 5 in Invocations
  7471 | D:9      | Found a snail-covered altar of Cheibriados.
  7476 | D:9      | Identified the +8 long sword "Hyibeihesch" {venom, Str+5}
  7530 | D:9      | Reached skill level 1 in Long Blades
  7706 | D:9      | Found a flagged portal.
  7712 | Bailey   | Entered a bailey
  7801 | Bailey   | Noticed an orc knight
  7993 | Bailey   | Slain by an orc knight

Illustrated notes

Levels and vault maps discovered:
D:1:      minmay_arrival_semitransparent, layout_basic,
          chequers_serial_rivers_micro_e, nicolae_shop_unique_rings
D:2:      layout_basic, chequers_ecumenical_altar_twisty, serial_shops, shop,
          chequers_serial_rivers_micro_d
D:3:      layout_rooms, uniq_ijyb
D:4:      layout_basic, bloody_makhleb, mainiacjoe_overflow_cross_hatched,
          kiku_gazebo_garden_becter
D:5:      kb_forest_paths, layout_rooms,
          mainiacjoe_overflow_concentric_impassable, kennysheep_mini_moat,
          enter_ossuary_4, nicolae_concentric_dashed_squares_mild
D:6:      layout_basic, nicolae_gozag_seed_capital, minmay_mini_ossuary
D:7:      layout_basic, mainiacjoe_overflow_24_doors,
          nicolae_overflow_crystal_walls, mainiacjoe_overflow_tiny_flanked,
          minmay_temple_entry_ruins, uniq_menkaure
D:8:      layout_loops_ring, uniq_erica
D:9:      layout_long_grid, mainiacjoe_overflow_chevrons, hiddenorc2_lemuel,
          enter_bailey_2
Temple:   jpeg_temple_clearing
Bailey:   bailey_polearm_1, bailey

Skill      XL: |  1  2  3  4  5  6  7  8  9 10 |
---------------+-------------------------------+-----
Throwing       | 2 |  2.0
Dodging        | 3 |  3.0
Unarmed Combat | 4 5 6 7 9 11 | 11.8
Fighting       | 3 4 5 6 8 |  8.6
Ice Magic      | 2 3 4 5 |  5.0
Invocations    | 4 6 |  6.3
Long Blades    | 2 |  2.2

Action                   |  1- 3 |  4- 6 |  7- 9 | 10-12 || total
-------------------------+-------+-------+-------+-------++-------
Melee: Unarmed           |   111 |   164 |   395 |    31 ||   701
       Punch             |     5 |     5 |    21 |     7 ||    38
       Long sword        |       |       |       |    69 ||    69
Throw: Dart              |       |     3 |     4 |     6 ||    13
 Cast: Ozocubu's Armour  |       |       |     4 |       ||     4
Invok: Recall Undead Har |       |       |       |     1 ||     1
       Dark Bargain      |       |       |       |     1 ||     1
Evoke: Wand              |       |       |     1 |       ||     1
  Use: Scroll            |       |       |       |     1 ||     1
 Stab: Distracted        |       |       |       |     1 ||     1
Armor: Leather armour    |    22 |    14 |       |       ||    36
       Ring mail         |       |    38 |   125 |    36 ||   199
Dodge: Dodged            |    52 |    60 |   221 |    59 ||   392

Table legend: (Time is in decaauts)
 A = Elapsed time spent in this place.
 B = Non-inter-level travel time spent in this place.
 C = Inter-level travel time spent in this place.
 D = Time resting spent in this place.
 E = Time spent auto-exploring this place.
 F = Levels seen in this place.
 G = Mean time per level.
                   A        B        C        D        E       F      G
               +--------+--------+--------+--------+--------+-----+--------+
         Total |   7925 |   7509 |    416 |    531 |   4751 |  12 |  660.4 |
       Dungeon |   7255 |   6861 |    394 |    411 |   4633 |   9 |  806.1 |
        Temple |    109 |     87 |     22 |      0 |     63 |   1 |  109.0 |
       Ossuary |    266 |    266 |      0 |     27 |     55 |   1 |  266.0 |
        Bailey |    294 |    294 |      0 |     93 |      0 |   1 |  294.0 |
               +--------+--------+--------+--------+--------+-----+--------+

Top non-repeatable levels by time:
     D:1: 1174 daAuts
     D:8: 1111 daAuts
     D:4: 1064 daAuts
     D:6: 986 daAuts
     D:7: 977 daAuts
     D:2: 774 daAuts
     D:5: 704 daAuts
  Bailey: 294 daAuts
     D:3: 266 daAuts
 Ossuary: 266 daAuts
     D:9: 195 daAuts
  Temple: 109 daAuts
